Map: Acid Plant LE

Players

Pancakes

  • Race: Protoss Protoss
  • League: Master
  • Spawn Location: 5:00

vivi - Winner!

  • Race: Protoss Protoss
  • League: Master
  • Spawn Location: 11:00

VOD

Have the link to the VOD?

Description

Time

  • Played on: May 3, 2018, 8:28 p.m.
  • Length: 6:37
Show
View Real Time Build Order
Export as new Build Order

Pancakes Protoss 

Build Orders: 1 Gate Expand 

Get SALT Encoding   

  12  0:01  Probe  
  13  0:13  Probe  
  14  0:18  Pylon  
  14  0:25  Probe  
  15  0:34  Probe  
  15  0:36  Gateway  
  15  0:42  Probe  
  17  0:50  Assimilator  
  17  0:52  Probe  
  18  1:07  Gateway  
  18  1:23  Cybernetics Core  
  18  1:42  Nexus  
  19  1:48  Pylon  
  18  1:54  Adept x2  
  22  2:01  Probe  
  23  2:13  Probe  
  24  2:16  Adept  
  24  2:17  Adept  
  28  2:23  Warp Gate  
  27  2:37  Probe  
  28  2:52  Gateway  
  28  2:54  Gateway  
  24  3:17  Probe  
  24  3:19  Stalker x2  
  27  3:25  Assimilator  
  27  3:27  Probe  
  26  3:29  Probe  
  27  3:41  Probe  
  28  3:44  Robotics Facility  
  27  3:53  Zealot x2  
  31  3:57  Stalker  
  33  4:04  Pylon  
  33  4:10  Pylon  
  33  4:21  Warp Prism  
  33  4:33  Stalker  
  33  4:35  Sentry  
  39  4:41  Pylon  
  39  4:49  Sentry  
  34  5:20  Stalker  
  34  5:21  Stalker  
  38  5:31  Stalker  
  40  5:46  Zealot  
  40  5:47  Zealot  
  36  6:08  Zealot x2  
  36  6:10  Stalker  
  38  6:23  Stalker  
Show
View Real Time Build Order
Export as new Build Order

vivi Protoss - Winner!

Build Orders: Oracle Opening 

Get SALT Encoding   

  12  0:00  Probe  
  13  0:12  Probe  
  14  0:17  Pylon  
  14  0:23  Probe  
  15  0:31  Probe  
  16  0:37  Gateway  
  16  0:39  Probe  
  16  0:46  Assimilator  
  17  0:51  Probe  
  17  0:56  Assimilator  
  18  1:03  Probe  
  19  1:11  Gateway  
  19  1:15  Probe  
  20  1:26  Cybernetics Core  
  20  1:28  Probe  
  21  1:38  Pylon  
  21  1:43  Probe  
  22  1:52  Stalker  
  22  1:53  Stalker  
  22  1:55  Probe  
  23  2:04  Warp Gate  
  27  2:18  Probe  
  28  2:23  Stalker  
  30  2:31  Pylon  
  30  2:36  Stargate  
  30  3:03  Probe  
  28  3:11  Probe  
  24  3:27  Probe  
  24  3:32  Nexus  
  25  3:40  Probe  
  26  3:45  Oracle  
  29  3:52  Probe  
  29  4:07  Sentry  
  29  4:09  Shield Battery, Probe  
  32  4:17  Sentry  
  34  4:22  Gateway  
  34  4:26  Probe  
  35  4:33  Shield Battery  
  35  4:37  Shield Battery  
  35  4:41  Probe  
  36  4:48  Sentry  
  36  4:51  Probe  
  39  5:01  Phoenix  
  39  5:08  Probe  
  39  5:09  Probe  
  40  5:20  Probe  
  40  5:22  Stalker x2  
  40  5:24  Probe  
  46  5:35  Phoenix  
  46  5:40  Probe  
  46  5:41  Probe  
  50  5:51  Stalker  
  52  6:00  Stalker  
  54  6:18  Pylon  
  54  6:19  Pylon  
  52  6:30  Stalker x2  
Tags
 
Add a new tag
Caveats
  • Supply blocks, unpowered buildings, or Contaminate may cause inaccurate times.
  • Supply counts are checked every 10 seconds.